TOP OF THE 1ST |
Virginia Cavaliers batting - Pitching for Purdue Boilermakers : RHP Justin Johnston
|
Pitching: RHP Justin Johnston
|
|
Batting: LHB Randy Pérez
|
0-0: Ball 1-0: Called Strike 1-1: Ball 2-1: Ground out 6-3 (Groundball, 6)
|
Batting: RHB Randy Love
|
0-0: Ball 1-0: Ball 2-0: Called Strike 2-1: SINGLE (Groundball, 6D)
|
Batting: LHB Jack Davis
|
0-0: Ball 1-0: Called Strike 1-1: Ball 2-1: Foul Ball, location: 2F 2-2: Foul Ball, location: 2F 2-2: Foul Ball, location: 2F 2-2: Strikes out swinging
|
Batting: LHB Andrés Méndez
|
0-0: Ball 1-0: Called Strike Randy Love is caught stealing 2nd base
|
Top of the 1st over - 0 runs, 1 hit, 0 errors, 0 left on base; Virginia 0 - Purdue 0 |
BOTTOM OF THE 1ST |
Purdue Boilermakers batting - Pitching for Virginia Cavaliers : RHP Ernie Jones
|
Pitching: RHP Ernie Jones
|
|
Batting: RHB Aaron Baker
|
0-0: Ball 1-0: Foul Ball, location: 2F 1-1: Fly out, F7 (Flyball, 7)
|
Batting: RHB Mark Jordan
|
0-0: Ball 1-0: Called Strike 1-1: Called Strike 1-2: Foul Ball, location: 2F 1-2: Foul Ball, location: 2F 1-2: Ball 2-2: Ball 3-2: DOUBLE (Groundball, 5L)
|
Batting: SHB Bryan Atkins
|
0-0: Ball Mark Jordan is caught stealing 3rd base 1-0: Foul Ball, location: 2F 1-1: Foul Ball, location: 2F 1-2: Ball 2-2: Foul Ball, location: 2F 2-2: Ball 3-2: Foul Ball, location: 2F 3-2: Foul Ball, location: 2F 3-2: Base on Balls
|
Batting: RHB Reggie Calhoun
|
0-0: Ball 1-0: Swinging Strike 1-1: Ball 2-1: Ball 3-1: Base on Balls Bryan Atkins to second
|
Batting: RHB Ryan Carpenter
|
0-0: Ball 1-0: 3-RUN HOME RUN (Line Drive, 7D), Distance : 405 ft
|
Batting: SHB Guy Chávez
|
0-0: Ball 1-0: Foul Ball, location: 2F 1-1: Ball 2-1: Foul Ball, location: 2F 2-2: Ball 3-2: Foul Ball, location: 2F 3-2: Base on Balls
|
Batting: RHB Dan Osborne
|
0-0: Ball 1-0: Called Strike 1-1: Ball 2-1: Fly out, F8 (Flyball, 8RM)
|
Bottom of the 1st over - 3 runs, 2 hits, 0 errors, 1 left on base; Virginia 0 - Purdue 3 |
TOP OF THE 2ND |
Virginia Cavaliers batting - Pitching for Purdue Boilermakers : RHP Justin Johnston
|
Batting: LHB Andrés Méndez
|
0-0: Ball 1-0: Ball 2-0: Called Strike 2-1: DOUBLE (Line Drive, 7LS)
|
Batting: RHB Anthony Scott
|
0-0: Fly out, F4 (Popup, 4)
|
Batting: SHB Ed Hall
|
0-0: Called Strike 0-1: Ball 1-1: Ground out 4-3 (Groundball, 4) Andrés Méndez to third
|
Batting: LHB Jason Thompson
|
0-0: Called Strike 0-1: Foul Ball, location: 2F 0-2: Ball 1-2: Foul Ball, location: 2F 1-2: Foul Ball, location: 2F 1-2: Ball 2-2: Strikes out looking
|
Top of the 2nd over - 0 runs, 1 hit, 0 errors, 1 left on base; Virginia 0 - Purdue 3 |
BOTTOM OF THE 2ND |
Purdue Boilermakers batting - Pitching for Virginia Cavaliers : RHP Ernie Jones
|
Batting: LHB Norm St. John
|
0-0: Ball 1-0: Called Strike 1-1: Ball 2-1: Fly out, F7 (Flyball, 7LM)
|
Batting: RHB Bob Colbert
|
0-0: SOLO HOME RUN (Flyball, 89XD), Distance : 430 ft
|
Batting: RHB Aaron Baker
|
0-0: Called Strike 0-1: Foul Ball, location: 2F 0-2: Ball 1-2: Strikes out swinging
|
Batting: RHB Mark Jordan
|
0-0: Called Strike 0-1: Fly out, F8 (Flyball, 89M)
|
Bottom of the 2nd over - 1 run, 1 hit, 0 errors, 0 left on base; Virginia 0 - Purdue 4 |
TOP OF THE 3RD |
Virginia Cavaliers batting - Pitching for Purdue Boilermakers : RHP Justin Johnston
|
Batting: RHB Mark Greene
|
0-0: Ball 1-0: Called Strike 1-1: Ball 2-1: Foul Ball, location: 2F 2-2: Strikes out swinging
|
Batting: SHB Ed Andrews
|
0-0: Swinging Strike 0-1: Ball 1-1: Called Strike 1-2: Ball 2-2: Strikes out looking
|
Batting: LHB Randy Pérez
|
0-0: TRIPLE (Line Drive, 89XD)
|
Batting: RHB Randy Love
|
0-0: Called Strike 0-1: Ball 1-1: Called Strike 1-2: Ball 2-2: Ground out 6-3 (Groundball, 6)
|
Top of the 3rd over - 0 runs, 1 hit, 0 errors, 1 left on base; Virginia 0 - Purdue 4 |
BOTTOM OF THE 3RD |
Purdue Boilermakers batting - Pitching for Virginia Cavaliers : RHP Ernie Jones
|
Batting: SHB Bryan Atkins
|
0-0: Called Strike 0-1: Ball 1-1: Swinging Strike 1-2: Ball 2-2: Strikes out looking
|
Batting: RHB Reggie Calhoun
|
0-0: Foul Ball, location: 2F 0-1: Fly out, F3 (Popup, 3F)
|
Batting: RHB Ryan Carpenter
|
0-0: Ball 1-0: Fly out, F8 (Flyball, 8LD)
|
Bottom of the 3rd over - 0 runs, 0 hits, 0 errors, 0 left on base; Virginia 0 - Purdue 4 |
TOP OF THE 4TH |
Virginia Cavaliers batting - Pitching for Purdue Boilermakers : RHP Justin Johnston
|
Batting: LHB Jack Davis
|
0-0: Ball 1-0: Foul Ball, location: 2F 1-1: Swinging Strike 1-2: Foul Ball, location: 2F 1-2: Ground out 4-3 (Groundball, 4D)
|
Batting: LHB Andrés Méndez
|
0-0: Ball 1-0: Called Strike 1-1: Ground out 3-1 (Groundball, 34)
|
Batting: RHB Anthony Scott
|
0-0: Called Strike 0-1: Ground out U3 (Groundball, 34)
|
Top of the 4th over - 0 runs, 0 hits, 0 errors, 0 left on base; Virginia 0 - Purdue 4 |
BOTTOM OF THE 4TH |
Purdue Boilermakers batting - Pitching for Virginia Cavaliers : RHP Ernie Jones
|
Batting: SHB Guy Chávez
|
0-0: Ball 1-0: Fly out, F7 (Flyball, 7LMF)
|
Batting: RHB Dan Osborne
|
0-0: Called Strike 0-1: Ball 1-1: Ball 2-1: Ball 3-1: Base on Balls
|
Batting: LHB Norm St. John
|
0-0: Called Strike 0-1: Swinging Strike 0-2: Ball 1-2: Strikes out swinging
|
Batting: RHB Bob Colbert
|
0-0: Ground out 5-3 (Groundball, 56S)
|
Bottom of the 4th over - 0 runs, 0 hits, 0 errors, 1 left on base; Virginia 0 - Purdue 4 |
TOP OF THE 5TH |
Virginia Cavaliers batting - Pitching for Purdue Boilermakers : RHP Justin Johnston
|
Batting: SHB Ed Hall
|
0-0: Called Strike 0-1: Ball 1-1: Ball 2-1: Foul Ball, location: 2F 2-2: Strikes out looking
|
Batting: LHB Jason Thompson
|
0-0: Called Strike 0-1: Ball 1-1: Foul Ball, location: 2F 1-2: Fly out, F7 (Flyball, 7LM)
|
Batting: RHB Mark Greene
|
0-0: Called Strike 0-1: SINGLE (Groundball, 34S) (infield hit)
|
Batting: SHB Ed Andrews
|
0-0: Ball 1-0: Foul Ball, location: 2F 1-1: Ball 2-1: Foul Ball, location: 2F 2-2: Ball 3-2: Strikes out swinging
|
Top of the 5th over - 0 runs, 1 hit, 0 errors, 1 left on base; Virginia 0 - Purdue 4 |
BOTTOM OF THE 5TH |
Purdue Boilermakers batting - Pitching for Virginia Cavaliers : RHP Ernie Jones
|
Batting: RHB Aaron Baker
|
0-0: Swinging Strike 0-1: Ball 1-1: Ball 2-1: Fly out, F7 (Flyball, 7D)
|
Batting: RHB Mark Jordan
|
0-0: Ball 1-0: Swinging Strike 1-1: Ground out 4-3 (Groundball, 4)
|
Batting: SHB Bryan Atkins
|
0-0: Ball 1-0: SINGLE (Flyball, 89M)
|
Batting: RHB Reggie Calhoun
|
0-0: Foul Ball, location: 2F 0-1: Ball 1-1: Ball 2-1: Called Strike 2-2: Foul Ball, location: 2F 2-2: Ball 3-2: 2-RUN HOME RUN (Flyball, 7D), Distance : 409 ft
|
Batting: RHB Ryan Carpenter
|
0-0: Called Strike 0-1: SINGLE (Groundball, 6MD)
|
Pitching: RHP Jeff Paul
|
|
Batting: SHB Guy Chávez
|
0-0: Ball 1-0: Fly out, F7 (Flyball, 7S)
|
Bottom of the 5th over - 2 runs, 3 hits, 0 errors, 1 left on base; Virginia 0 - Purdue 6 |
TOP OF THE 6TH |
Virginia Cavaliers batting - Pitching for Purdue Boilermakers : RHP Justin Johnston
|
Batting: LHB Randy Pérez
|
0-0: Ball 1-0: Called Strike 1-1: Foul Ball, location: 2F 1-2: Strikes out looking
|
Batting: RHB Randy Love
|
0-0: Called Strike 0-1: Foul Ball, location: 2F 0-2: Foul Ball, location: 2F 0-2: Foul Ball, location: 2F 0-2: Ball 1-2: Ball 2-2: Fly out, F8 (Line Drive, 8LM)
|
Batting: LHB Jack Davis
|
0-0: Swinging Strike 0-1: Ball 1-1: Ball 2-1: Swinging Strike 2-2: Foul Ball, location: 2F 2-2: Strikes out looking
|
Top of the 6th over - 0 runs, 0 hits, 0 errors, 0 left on base; Virginia 0 - Purdue 6 |
BOTTOM OF THE 6TH |
Purdue Boilermakers batting - Pitching for Virginia Cavaliers : RHP Jeff Paul
|
Batting: RHB Dan Osborne
|
0-0: Ball 1-0: Ball 2-0: Ball 3-0: Called Strike 3-1: Foul Ball, location: 2F 3-2: Base on Balls
|
Batting: LHB Norm St. John
|
0-0: Called Strike 0-1: Ball 1-1: Fly out, F9 (Line Drive, 89D)
|
Batting: RHB Bob Colbert
|
0-0: Ball 1-0: Ball 2-0: Fly out, F7 (Flyball, 7S)
|
Batting: RHB Aaron Baker
|
0-0: Swinging Strike 0-1: SINGLE (Groundball, 6D) Dan Osborne to second
|
Batting: RHB Mark Jordan
|
0-0: Ball 1-0: Foul Ball, location: 2F 1-1: Ball 2-1: Ball 3-1: Called Strike 3-2: Foul Ball, location: 2F 3-2: SINGLE (Line Drive, 8RS) Dan Osborne to third Aaron Baker to second Dan Osborne scores Aaron Baker to third
|
Batting: SHB Bryan Atkins
|
0-0: Ball 1-0: Ball 2-0: Ball Wild Pitch! Aaron Baker scores Mark Jordan to second 3-0: Called Strike 3-1: Base on Balls
|
Pitching: RHP Dan Phillips
|
|
Batting: RHB Reggie Calhoun
|
0-0: Swinging Strike 0-1: Foul Ball, location: 2F 0-2: Ball 1-2: Strikes out swinging
|
Bottom of the 6th over - 2 runs, 2 hits, 0 errors, 2 left on base; Virginia 0 - Purdue 8 |
TOP OF THE 7TH |
Virginia Cavaliers batting - Pitching for Purdue Boilermakers : RHP Justin Johnston
|
Pitching: RHP Phil Dennis
|
|
Batting: LHB Andrés Méndez
|
0-0: Ball 1-0: Ball 2-0: Foul Ball, location: 2F 2-1: Swinging Strike 2-2: Ball 3-2: Strikes out swinging
|
Batting: RHB Anthony Scott
|
0-0: Ball 1-0: Called Strike 1-1: Ball 2-1: Ball 3-1: Called Strike 3-2: Base on Balls
|
Batting: SHB Ed Hall
|
0-0: Called Strike Throwing error on steal attempt, E2 Anthony Scott to third 0-1: Ball 1-1: Ball 2-1: Ball 3-1: Base on Balls
|
Batting: LHB Jason Thompson
|
0-0: Ball 1-0: Ball 2-0: Ball 3-0: Base on Balls Ed Hall to second
|
Batting: RHB Mark Greene
|
0-0: SINGLE (Groundball, 34) (infield hit) Anthony Scott scores Ed Hall to third Jason Thompson to second
|
Batting: SHB Ed Andrews
|
0-0: Foul Ball, location: 2F 0-1: Ball 1-1: Ball 2-1: Ball 3-1: SINGLE (Groundball, 4MD) Ed Hall scores Jason Thompson to third Mark Greene to second Runner from 3rd tries for Home, SAFE, no throw
|
Pitching: LHP Neil White
|
|
Batting: LHB Randy Pérez
|
0-0: Swinging Strike 0-1: Foul Ball, location: 2F 0-2: Strikes out swinging
|
Batting: RHB Randy Love
|
0-0: Called Strike 0-1: Called Strike 0-2: SINGLE (Groundball, 56) (infield hit) Mark Greene to third Ed Andrews to second
|
Batting: LHB Jack Davis
|
0-0: Ball 1-0: Ball 2-0: Called Strike 2-1: Ball 3-1: Called Strike 3-2: Strikes out swinging
|
Top of the 7th over - 3 runs, 3 hits, 1 error, 3 left on base; Virginia 3 - Purdue 8 |
BOTTOM OF THE 7TH |
Purdue Boilermakers batting - Pitching for Virginia Cavaliers : RHP Dan Phillips
|
Batting: RHB Ryan Carpenter
|
0-0: Fly out, F3 (Line Drive, 3)
|
Batting: SHB Guy Chávez
|
0-0: Hit by Pitch
|
Batting: RHB Dan Osborne
|
0-0: Ball 1-0: Ground out U3 (Groundball, 34S) Guy Chávez to second
|
Batting: LHB Norm St. John
|
0-0: Called Strike 0-1: Ball 1-1: Called Strike 1-2: Ball 2-2: Foul Ball, location: 2F 2-2: Foul Ball, location: 2F 2-2: 2-RUN HOME RUN (Flyball, 9D), Distance : 388 ft
|
Batting: RHB Bob Colbert
|
0-0: Ball 1-0: Called Strike 1-1: Ball 2-1: Foul Ball, location: 2F 2-2: Ground out 6-3 (Groundball, 56)
|
Bottom of the 7th over - 2 runs, 1 hit, 0 errors, 0 left on base; Virginia 3 - Purdue 10 |
TOP OF THE 8TH |
Virginia Cavaliers batting - Pitching for Purdue Boilermakers : LHP Neil White
|
Batting: LHB Andrés Méndez
|
0-0: Fly out, F4 (Popup, 3D)
|
Batting: RHB Anthony Scott
|
0-0: Ball 1-0: Ball 2-0: Called Strike 2-1: Foul Ball, location: 2F 2-2: Ball 3-2: Base on Balls
|
Batting: SHB Ed Hall
|
0-0: Foul Ball, location: 2F 0-1: Ball 1-1: SINGLE (Flyball, 89S) Anthony Scott to second
|
Pitching: RHP Todd Jackson
|
|
Batting: LHB Jason Thompson
|
0-0: Grounds into double play, 4-6-3 (Groundball, 4M)
|
Top of the 8th over - 0 runs, 1 hit, 0 errors, 1 left on base; Virginia 3 - Purdue 10 |
BOTTOM OF THE 8TH |
Purdue Boilermakers batting - Pitching for Virginia Cavaliers : RHP Dan Phillips
|
Batting: RHB Aaron Baker
|
0-0: Ball 1-0: Foul Ball, location: 2F 1-1: Ball 2-1: Foul Ball, location: 2F 2-2: Ball 3-2: Ground out 4-3 (Groundball, 4M)
|
Batting: RHB Mark Jordan
|
0-0: Ball 1-0: Ball 2-0: Called Strike 2-1: Foul Ball, location: 2F 2-2: Strikes out swinging
|
Batting: SHB Bryan Atkins
|
0-0: Ball 1-0: Ball 2-0: Ball 3-0: Called Strike 3-1: Ground out 6-3 (Groundball, 6)
|
Bottom of the 8th over - 0 runs, 0 hits, 0 errors, 0 left on base; Virginia 3 - Purdue 10 |
TOP OF THE 9TH |
Virginia Cavaliers batting - Pitching for Purdue Boilermakers : RHP Todd Jackson
|
Batting: RHB Mark Greene
|
0-0: Ball 1-0: Ball 2-0: Foul Ball, location: 2F 2-1: Swinging Strike 2-2: Foul Ball, location: 2F 2-2: Strikes out looking
|
Batting: SHB Ed Andrews
|
0-0: Ball 1-0: Ball 2-0: Foul Ball, location: 2F 2-1: Foul Ball, location: 2F 2-2: Ball 3-2: Base on Balls
|
Pinch Hitting: SHB Frank Sewell
|
0-0: Called Strike 0-1: Called Strike 0-2: Ball 1-2: Ground out 5-3 (Groundball, 56S) Ed Andrews to second
|
Batting: RHB Randy Love
|
0-0: Foul Ball, location: 2F 0-1: Ball 1-1: Swinging Strike 1-2: Strikes out swinging
|
Top of the 9th over - 0 runs, 0 hits, 0 errors, 1 left on base; Virginia 3 - Purdue 10 |
|